 Dungeon Crawl Stone Soup version 0.21-a0-404-g291f19a (webtiles) character file.

84 zodiak12 the Ruffian (level 4, 0/36 HPs)
             Began as a Draconian Transmuter on Oct 26, 2017.
             Slain by Pikel
             ... wielding a +2 whip of flaming
              (2 damage)
             ... on level 4 of the Dungeon.
             The game lasted 00:20:48 (2753 turns).

zodiak12 the Ruffian (Draconian Transmuter)         Turns: 2753, Time: 00:20:48

Health: 0/36       AC:  8    Str: 13    XL:     4   Next: 23%
Magic:  7/7        EV: 13    Int: 14    God:
Gold:   120        SH:  0    Dex: 11    Spells: 5/7 levels left

rFire    . . .     SeeInvis +   r - +1 falchion
rCold    . . .     Gourm    .   (no shield)
rNeg     . . .     Faith    .   (armour unavailable)
rPois    .         Spirit   .   (helmet restricted)
rElec    +         Reflect  .   (no cloak)
rCorr    .         Harm     .   w - +2 pair of gloves
MR       .....                  (no boots)
Stlth    +.........             (no amulet)
HPRegen  0.12/turn              i - +6 ring of slaying
MPRegen  0.10/turn              (no ring)

@: no status effects
A: unfitting armour, see invisible, electricity resistance, cold-blooded, AC +5
a: no special abilities


You were on level 4 of the Dungeon.
You were very hungry.

You visited 1 branch of the dungeon, and saw 4 of its levels.

You collected 120 gold pieces.

Inventory:

Hand Weapons
 r - a +1 falchion (weapon)
 A - a +0 blowgun
Missiles
 a - 41 arrows
 e - 93 stones (quivered)
 f - 5 javelins
 v - 22 sling bullets
 B - 10 poisoned needles
Armour
 w - a +2 pair of gloves (worn)
Jewellery
 i - a +6 ring of slaying (left hand)
 s - an uncursed ring of protection from cold {unknown}
Scrolls
 j - a scroll of remove curse
 l - 3 scrolls of identify
 q - a scroll of magic mapping
 u - a scroll of amnesia
 z - a scroll of enchant armour
Potions
 g - 2 potions of agility
 k - 2 potions of curing
Books
 b - a book of Changes

   Spells                             Type                      Level
   a - Beastly Appendage              Transmutation                1
   b - Sticks to Snakes               Transmutation                2
   c - Spider Form                    Transmutation/Poison         3
   d - Ice Form                       Ice/Transmutation            4
   e - Blade Hands                    Transmutation                5
 x - a book of Minor Magic

   Spells                             Type                      Level
   a - Magic Dart                     Conjuration                  1
   b - Blink                          Translocation                2
   c - Call Imp                       Summoning                    2
   d - Slow                           Hexes                        2
   e - Conjure Flame                  Conjuration/Fire             3
   f - Mephitic Cloud                 Conjuration/Poison/Air       3
Comestibles
 c - 3 bread rations
 o - 2 royal jellies
 p - 2 fruits


   Skills:
 * Level 1.7 Fighting
   Level 0.3(0.4) Short Blades
 + Level 0.2(0.3) Long Blades
 + Level 0.5 Throwing
 * Level 2.8 Dodging
 - Level 3.3 Unarmed Combat
 + Level 2.4 Spellcasting
 + Level 2.4 Transmutations


You had 5 spell levels left.
You knew the following spells:

 Your Spells              Type           Power        Failure   Level  Hunger
a - Sticks to Snakes      Tmut           #.......     13%         2    ###....


Dungeon Overview and Level Annotations

Branches:
Dungeon (4/15)
 Temple: D:4-7

Altars:
Fedhas
Okawaru

Annotations:
D:4 Pikel


Innate Abilities, Weirdness & Mutations

Your plain brown scales are hard. (AC +5)
You cannot fit into any form of body armour.
You are cold-blooded and may be slowed by cold attacks.
You have supernaturally acute eyesight. (SInv)
You are resistant to electric shocks. (rElec)


Message History

You see here a robe.
There is an open door here.
Pikel says, "You'll feel the lick of my whip!"
There is an open door here.
There is an escape hatch in the floor here.
Pikel hits you with a whip of flaming.
* * * LOW HITPOINT WARNING * * *
Pikel burns you.
* * * LOW HITPOINT WARNING * * *
You slide downwards.
The hatch slams shut behind you.
You can't go down here!
Pikel hits you but does no damage.
Pikel checks his coin pouch and frowns.
Pikel cracks his whip.
Unknown command.
You closely miss Pikel. Pikel hits you but does no damage.
You closely miss Pikel. Pikel hits you with a whip of flaming.
* * * LOW HITPOINT WARNING * * *
Pikel burns you.
You die...

..#....###...............
..###### #.......a.# ..#
#.....%.#.# ..#
#.......#.#
..########.......#.#
.........#.......#.#
##..(.##.####+####.#
##.......# #.####.#
##.......# #...@..#
##.......# ###.K..#
##....##.# #..(.#
##....##.# #....#
.......#.# ##...#
######.#.# #...# .#.#####
#...# .#.#...# #...#
#.#...###...#


You could see Pikel.

Vanquished Creatures
  A slave (D:4)
  Terence (D:2)
  A worm (D:3)
  2 dart slugs
  2 leopard geckos
  3 bats
  2 giant cockroaches (D:2)
  4 hobgoblins
  8 jackals
  A quokka (D:3)
  3 frilled lizards
  7 goblins
  10 kobolds
  A rat (D:1)
46 creatures vanquished.

Notes
Turn   | Place    | Note
-------+----------+-------------------------------------------
     0 | D:1      | zodiak12 the Draconian Transmuter began the quest for the Orb.
     0 | D:1      | Reached XP level 1. HP: 16/16 MP: 3/3
   273 | D:1      | Reached XP level 2. HP: 12/23 MP: 5/5
   320 | D:1      | Learned a level 2 spell: Sticks to Snakes
   951 | D:2      | Found a blossoming altar of Fedhas.
  1009 | D:2      | Found an iron altar of Okawaru.
  1229 | D:2      | Reached XP level 3. HP: 28/28 MP: 6/6
  1254 | D:2      | Noticed Terence
  1261 | D:2      | Killed Terence
  1574 | D:3      | Reached XP level 4. HP: 35/35 MP: 7/7
  2527 | D:4      | Noticed a slave
  2537 | D:4      | Noticed a slave
  2538 | D:4      | Noticed Pikel
  2540 | D:4      | Noticed a slave
  2542 | D:4      | Killed a slave
  2680 | D:3      | Gained mutation: You are clumsy. (Dex -2) [potion of mutation]
  2680 | D:3      | Gained mutation: You are resistant to electric shocks. (rElec) [potion of mutation]
  2680 | D:3      | Lost mutation: You are clumsy. (Dex -2) [potion of mutation]
  2680 | D:3      | Gained mutation: You have supernaturally acute eyesight. (SInv) [potion of mutation]
  2753 | D:4      | Slain by Pikel

Vault maps used:
D:1:      minmay_arrival_semitransparent
D:2:      overflow_temple_1_default, okawaru_ov_weapons_minmay, uniq_terence
D:4:      kennysheep_mini_moat, uniq_pikel

Skill      XL: |  1 |
---------------+----+-----
Dodging        | 2 |  2.8
Fighting       | |  1.7
Short Blades   | |  0.3
Long Blades    | |  0.2
Throwing       | |  0.5
Unarmed Combat | |  3.3
Spellcasting   | |  2.4
Transmutations | |  2.4

Action                   |  1- 3 |  4- 6 || total
-------------------------+-------+-------++-------
Melee: Short sword       |     9 |       ||     9
       Unarmed           |     7 |       ||     7
       Dagger            |    20 |       ||    20
       Tailslap          |    10 |     3 ||    13
       Falchion          |    31 |    19 ||    50
       Punch             |       |     1 ||     1
Throw: Tomahawk          |    12 |     8 ||    20
       Javelin           |     2 |       ||     2
       Stone             |       |     3 ||     3
 Cast: Beastly Appendage |     6 |       ||     6
       Sticks to Snakes  |       |     6 ||     6
  Use: Scroll            |     8 |     2 ||    10
       Potion            |       |     5 ||     5
  Eat: Chunk             |     2 |     3 ||     5
Armor: Skin              |    21 |    11 ||    32
Dodge: Dodged            |    51 |    33 ||    84
       Rpst.: Falchion   |    12 |     9 ||    21

Table legend:
 A = Spawn XP
 B = Non-spawn XP
 C = Spawn XP percentage of total XP
 D = Spawn monster count
 E = Non-spawn monster count
 F = Spawn count percentage of total count
 G = Total turns spent on level
                    A         B        C        D         E        F      G
               +---------+---------+-------+---------+---------+-------+---------
         Total |       0 |     120 |   0.0 |       0 |      45 |   0.0 |  2753
               +---------+---------+-------+---------+---------+-------+---------
           D:1 |       0 |      25 |   0.0 |       0 |      15 |   0.0 |   907
           D:2 |       0 |      66 |   0.0 |       0 |      16 |   0.0 |   614
           D:3 |       0 |      29 |   0.0 |       0 |      14 |   0.0 |  1076
               +---------+---------+-------+---------+---------+-------+---------
